 Dungeon Crawl Stone Soup version 0.30.0-18-gc0e69614cb (webtiles) character file.

Game seed: 6481398732192322713

735 Du3lingdragon the Poker (level 7, -1/53 HPs)
             Began as a Demonspawn Reaver on May 25, 2023.
             Was an Initiate of Ru.
             Slain by an orc
             ... wielding a +0 flail
              (6 damage)
             ... on level 4 of the Dungeon.
             The game lasted 00:14:15 (4300 turns).

Du3lingdragon the Poker (Demonspawn Reaver)         Turns: 4300, Time: 00:14:15

Health: -1/53      AC: 11    Str: 19 (20) XL:     7   Next: 45%
Magic:  11/11      EV: 11    Int: 14 (15) God:    Ru [......]
Gold:   178        SH:  0    Dex:  9 (11) Spells: 11/12 levels left

rFire   . . .        q - +0 halberd
rCold   . . .        (shield currently unavailable)
rNeg    . . .        a - +0 ring mail
rPois   .            (helmet restricted)
rElec   .            d - +0 cloak
rCorr   .            m - +0 pair of gloves
SInv    .            t - +0 pair of boots
Will    .....        (no amulet) Stlth
                     k - +6 ring of strength
HPRegen 0.28/turn    (no ring)
MPRegen 0.12/turn

%: no passive effects
@: silenced (expiring)
A: horns 1, yellow scales 2, ignite blood 1
a: Renounce Religion


You were on level 4 of the Dungeon.
You worshipped Ru.
Ru was noncommittal.
You visited 2 branches of the dungeon, and saw 6 of its levels.

You collected 178 gold pieces.

Inventory:

Hand Weapons
 q - a +0 halberd (weapon)
Armour
 a - a +0 ring mail (worn)
 d - a +0 cloak (worn)
 m - a +0 pair of gloves (worn)
 t - a +0 pair of boots (worn)
Jewellery
 k - a +6 ring of strength (left hand)
Wands
 l - a wand of digging (2)
Scrolls
 e - a scroll of silence
 f - a scroll of noise {unknown}
 j - 3 scrolls of identify
 o - a scroll of enchant weapon {unknown}
 s - 2 scrolls of fog {unknown}
 w - a scroll of blinking {unknown}
Potions
 b - a potion of mutation
 g - a potion of might {unknown}
 h - a potion of ambrosia {unknown}
 i - a potion of resistance {unknown}
 n - a potion of flight {unknown}
 p - a potion of attraction {unknown}
 r - a potion of berserk rage {unknown}
 u - a potion of brilliance {unknown}


   Skills:
 + Level 3.8 Fighting
 + Level 4.5 Polearms
 + Level 2.8 Armour
 + Level 3.4 Dodging
 - Level 3.0 Spellcasting
 - Level 4.0 Conjurations
 - Level 1.9 Necromancy


You had 11 spell levels left.
You knew the following spells:

 Your Spells              Type           Power      Damage    Failure   Level
a - Kiss of Death         Conj/Necr      40%        2d8       11%         1

Your spell library contained the following spells:

 Spells                   Type           Power      Damage    Failure   Level
 Momentum Strike          Conj/Tloc      14%        3d8       24%         2
 Beastly Appendage        Tmut           4%         N/A       34%         1
 Slow                     Hex            8%         N/A       34%         1
 Summon Small Mammal      Summ           8%         N/A       34%         1
 Hailstorm                Conj/Ice       7%         3d4       43%         3
 Vampiric Draining        Necr           7%         2d6       43%         3
 Ensorcelled Hibernation  Hex/Ice        4%         N/A       47%         2
 Wereblood                Tmut           2%         N/A       47%         2
 Call Canine Familiar     Summ           2%         N/A       71%         3
 Confusing Touch          Hex            2%         N/A       71%         3
 Spider Form              Tmut/Pois      2%         N/A       71%         3
 Summon Guardian Golem    Hex/Summ       2%         N/A       71%         3
 Vhi's Electric Charge    Tloc/Air       4%         N/A       71%         3
 Anguish                  Hex/Necr       2%         N/A       94%         4
 Arcjolt                  Conj/Air       3%         1d13      99%         5
 Plasma Beam              Fire/Air       1%         2x1d12    100%        6


Dungeon Overview and Level Annotations

Branches:
Dungeon (5/15)             Temple (1/1) D:4

Altars:
Ashenzari
Dithmenos
Fedhas
Makhleb
Okawaru
Ru
Uskayaw
Wu Jian


Innate Abilities, Weirdness & Mutations

You have a pair of small horns on your head.
You are mostly covered in yellow scales. (AC +3)
Your demonic aura sometimes causes spilled blood to erupt in flames.


Message History

The orc priest barely misses you. The orc hits you but does no damage.
The orc barely misses you.
It was a potion of invisibility.
You fade into invisibility!
The orc priest closely misses you. The orc hits you with a +0 flail.
* * * LOW HITPOINT WARNING * * *
The orc barely misses you. The orc hits you but does no damage.
There is an open door here.
You hit the orc priest. You headbutt the orc priest.
The orc priest is lightly wounded.
You hit the orc priest. You headbutt the orc priest.
The orc priest is heavily wounded.
You flicker for a moment.
The orc closely misses you.
You catch the helpless orc priest completely off-guard!
You puncture the orc priest!
You kill the orc priest!
The orc barely misses you. x2
You hit the orc but do no damage. The orc closely misses you.
You hit the orc but do no damage. You hit the orc but do no damage.
The orc closely misses you. The orc hits you but does no damage.
The orc hits you with a +0 flail.
* * * LOW HITPOINT WARNING * * *
The orc barely misses you.
You flicker back into view.
You closely miss the orc. You headbutt the orc.
The orc is moderately wounded.
The orc barely misses you.
You barely miss the orc.
The orc is moderately wounded.
The orc barely misses you.
You closely miss the orc. Your headbutt misses the orc.
The orc is moderately wounded.
The orc completely misses you.
You completely miss the orc. Your headbutt misses the orc.
The orc is moderately wounded.
The orc hits you but does no damage. The orc barely misses you.
The orc hits you with a +0 flail.
You die...

..#............#....#
.##)..[..[.....#....#
.#####'#....>..#....#
.......'..<....'....#
.......#.......#....#
.......#.......#....#
.......#.......'....#
.##....#.......#oo.##
.##....#.......#@..##
..#....#.......#....#
..#....#.......#....# ######
..'....#.......#....# #....####
.##....#.......#...######........
.##....#.......#...##...##......#
.......#.......#.........#..#.#.#
.......#.......#.[[.........#)#..
.......#.......#..).......###.###


You could see 2 orcs.

Vanquished Creatures
  Duvessa (D:4)
  A black bear (D:4)
  A scorpion (D:3)
  Dowan (D:4)
  A hound (D:4)
  2 orc priests
  3 iguanas (D:4)
  4 orc wizards
  4 gnolls
  3 adders
  A worm (D:3)
  3 dart slugs
  19 orcs
  5 ball pythons
  4 endoplasms
  3 giant cockroaches
  6 hobgoblins
  4 jackals
  4 quokkas
  4 bats
  5 frilled lizards
  10 goblins
  5 kobolds
  2 rats (D:1)
96 creatures vanquished.

Vanquished Creatures (others)
  An orc wizard (D:4)
1 creature vanquished.

Grand Total: 97 creatures vanquished

Notes
Turn   | Place    | Note
-------+----------+-------------------------------------------
     0 | D:1      | Du3lingdragon the Demonspawn Reaver began the quest for the
                  | Orb.
     0 | D:1      | Reached XP level 1. HP: 16/16 MP: 3/3
     1 | D:1      | Noticed an electric eel
   183 | D:1      | Gained mutation: You have a pair of small horns on your
                  | head. [demonic ancestry]
   183 | D:1      | Reached XP level 2. HP: 13/22 MP: 5/5
   440 | D:1      | Reached skill level 1 in Necromancy
   441 | D:1      | Gained mutation: Your demonic aura sometimes causes spilled
                  | blood to erupt in flames. [demonic ancestry]
   441 | D:1      | Reached XP level 3. HP: 25/27 MP: 6/6
   508 | D:1      | You fall into a shaft and drop 1 floor!
   807 | D:2      | Found a faded altar of an unknown god.
   982 | D:2      | Found a hide-covered altar of Uskayaw.
  1498 | D:2      | Reached XP level 4. HP: 21/33 MP: 7/7
  2015 | D:3      | Noticed a scorpion
  2024 | D:3      | Killed a scorpion
  2025 | D:3      | Reached skill level 1 in Armour
  2025 | D:3      | Gained mutation: You are partially covered in yellow
                  | scales. (AC +2) [demonic ancestry]
  2025 | D:3      | Reached XP level 5. HP: 27/35 MP: 5/8
  2971 | D:4      | Found a staircase to the Ecumenical Temple.
  2994 | Temple   | Entered the Ecumenical Temple
  3190 | Temple   | Became a worshipper of Ru the Awakened
  3259 | D:4      | Gained mutation: You are mostly covered in yellow scales.
                  | (AC +3) [demonic ancestry]
  3259 | D:4      | Reached XP level 6. HP: 46/46 MP: 10/10
  3271 | D:4      | Noticed Duvessa
  3272 | D:4      | Noticed Dowan
  3275 | D:4      | Killed Duvessa
  3290 | D:4      | Killed Dowan
  3677 | D:4      | Reached XP level 7. HP: 45/46 MP: 11/11
  4263 | D:5      | Entered Level 5 of the Dungeon
  4300 | D:4      | Slain by an orc

Illustrated notes

Levels and vault maps discovered:
D:1:      arrival_aquarium_a, layout_basic
D:2:      layout_rooms, shapermc_ecumenical_altar_notcrosses, basic_altar
D:3:      layout_loops_ring
D:4:      layout_gridville, minmay_temple_entry_trees, minmay_quantized,
          uniq_duvessa
D:5:      layout_basic, lemuel_coloured_pillars_altar, minmay_tree_intersection,
          serial_bayou_lake_a, uniq_sigmund
Temple:   grunt_temple_mini_profane

Skill      XL: |  1  2  3  4  5  6 |
---------------+-------------------+-----
Polearms       | 3 4 |  4.5
Necromancy     | 1 |  1.9
Dodging        | 2 3 |  3.4
Armour         | 1 2 |  2.8
Fighting       | 3 |  3.8
Spellcasting   | 3 |  3.0
Conjurations   | 4 |  4.0

Action                     |  1- 3 |  4- 6 |  7- 9 || total
---------------------------+-------+-------+-------++-------
  Melee: Spear             |   150 |     6 |       ||   156
         Punch             |     2 |       |       ||     2
         Headbutt          |    15 |    19 |     6 ||    40
         Halberd           |       |   140 |    48 ||   188
   Cast: Kiss of Death     |       |     4 |       ||     4
    Use: Potion            |       |     1 |     2 ||     3
         Scroll            |       |     1 |     1 ||     2
   Stab: Sleeping          |     1 |       |       ||     1
         Invisible         |       |       |     1 ||     1
 Armour: Leather armour    |    27 |       |       ||    27
         Ring mail         |       |    84 |    29 ||   113
  Dodge: Dodged            |    59 |    89 |    47 ||   195
